 Dungeon Crawl Stone Soup version 0.27.1-35-g4d5d836560 (webtiles) character file.

Game seed: 6230820323562777657

220 cbfl8 the Slasher (level 5, -5/47 HPs)
             Began as a Minotaur Monk on May 16, 2022.
             Was a Believer of Yredelemnul.
             Killed by nerve-wracking pain
             ... invoked by an orc priest
              (8 damage)
             ... on level 4 of the Dungeon.
             The game lasted 00:08:25 (3996 turns).

cbfl8 the Slasher (Minotaur Monk)                   Turns: 3996, Time: 00:08:27

Health: -5/47      AC:  8    Str: 17    XL:     5   Next: 64%
Magic:  0/4        EV:  8    Int:  7    God:    Yredelemnul [**....]
Gold:   156        SH:  0    Dex: 12    Spells: 4/4 levels left

rFire    . . .     SeeInvis .   a - +0 falchion
rCold    . . .     Faith    .   (no shield)
rNeg     . . .     Spirit   +   j - +0 chain mail
rPois    .         Reflect  .   (helmet restricted)
rElec    .         Harm     .   (no cloak)
rCorr    .         Rampage  .   (no gloves)
Will     .....                  (no boots)
Stlth    ..........             e - amulet of guardian spirit
HPRegen  0.15/turn              (no ring)
MPRegen  0.09/turn              (no ring)

@: mighty, very slightly contaminated
A: horns 2, retaliatory headbutt
a: Renounce Religion, Animate Remains, Recall Undead Slaves, Injury Mirror


You were on level 4 of the Dungeon.
You worshipped Yredelemnul.
Yredelemnul was pleased with you.
You visited 1 branch of the dungeon, and saw 4 of its levels.

You collected 156 gold pieces.

Inventory:

Hand Weapons
 a - a +0 falchion (weapon)
Missiles
 l - 48 bolts
Armour
 b - a +0 robe
 j - a +0 chain mail (worn)
Jewellery
 e - an amulet of guardian spirit (around neck)
Scrolls
 c - a scroll of identify
 h - a scroll of magic mapping
 i - a scroll of fog {unknown}
 m - a scroll of amnesia {unknown}


   Skills:
 + Level 4.7 Fighting
 + Level 5.7 Long Blades
 + Level 2.0 Armour
 + Level 4.0 Dodging
 + Level 2.1 Stealth
 + Level 0.3 Invocations


You had 4 spell levels left.
You didn't know any spells.
Your spell library contained the following spells:

 Spells                   Type           Power      Damage    Failure   Level
 Sublimation of Blood     Necr           0%         N/A       100%        2
 Petrify                  Tmut/Erth      0%         N/A       100%        4
 Irradiate                Conj/Tmut      0%         3d14      100%        5


Dungeon Overview and Level Annotations

Branches:
Dungeon (4/15)
 Temple: D:4-7

Altars:
Yredelemnul

Shops:
D:2 *


Innate Abilities, Weirdness & Mutations

You have a pair of horns on your head.
You reflexively headbutt those who attack you in melee.


Message History

You fade into invisibility!
You are very lightly contaminated with residual magic.
The adder bites you but does no damage. The adder barely misses you.
You riposte.
You barely miss the adder.
Items here: )) [[ ††.
The adder closely misses you.
You riposte.
You catch the helpless adder completely off-guard!
You hit the adder.
The adder is moderately wounded.
Items here: ))) [[.
The adder bites you.
* * * LOW HITPOINT WARNING * * *
You are poisoned.
The adder poisons you!
The orc priest casts a cantrip, but nothing happens.
You feel sick.
You feel sick.
You feel sick. The adder bites you but does no damage.
You feel sick.
You are no longer poisoned.
Okay, then.
You feel very mighty all of a sudden. The adder barely misses you.
You riposte.
You catch the helpless adder completely off-guard!
You slash the adder!
You kill the adder!
Yredelemnul accepts your kill.
You flicker for a moment.
A hobgoblin comes into view.
The hobgoblin shouts!
The hobgoblin shouts!
You flicker back into view.
The hobgoblin hits you but does no damage.
You slash the hobgoblin!
You kill the hobgoblin!
Yredelemnul accepts your kill.
The orc priest calls down the wrath of Beogh upon you.
Pain shoots through your body!
You die...
Your body rises from the dead as a mindless zombie.

## #.. #..
#.# ##.#
##..# ##@†#
##.o##
#....###
#.#.....##
#.##......##
..#
#.......#
..#
#.......##
.#
#........#
#......).#


You could see an orc priest.

Vanquished Creatures
  A scorpion (D:4)
  A bullfrog skeleton (D:4)
  A hound zombie (D:4)
  3 adders
  A gnoll (D:4)
  A worm (D:2)
  5 dart slugs
  5 orcs (D:4)
  4 ball pythons
  5 endoplasms
  3 giant cockroaches
  7 goblins
  7 hobgoblins
  3 kobolds
  5 quokkas
  5 bats (D:1)
  4 frilled lizards
  5 rats
66 creatures vanquished.

Vanquished Creatures (collateral kills)
  A ball python skeleton (D:3)
1 creature vanquished.

Vanquished Creatures (others)
  A rat zombie (D:3)
1 creature vanquished.

Grand Total: 68 creatures vanquished

Notes
Turn   | Place    | Note
-------+----------+-------------------------------------------
     0 | D:1      | cbfl8 the Minotaur Monk began the quest for the Orb.
     0 | D:1      | Reached XP level 1. HP: 19/19 MP: 0/0
   532 | D:1      | Reached XP level 2. HP: 22/27 MP: 1/1
   715 | D:1      | Reached skill level 4 in Long Blades
  1719 | D:2      | Reached XP level 3. HP: 33/33 MP: 2/2
  1885 | D:2      | Found a faded altar of an unknown god.
  2015 | D:2      | Found Nadwio's Assorted Antiques.
  2376 | D:3      | Found a basalt altar of Yredelemnul.
  2411 | D:3      | Became a worshipper of Yredelemnul the Dark
  2411 | D:3      | Reached * piety under Yredelemnul
  2411 | D:3      | Reached ** piety under Yredelemnul
  2917 | D:3      | Reached XP level 4. HP: 40/41 MP: 3/3
  3044 | D:3      | You fall into a shaft and drop 1 floor!
  3417 | D:3      | Reached skill level 5 in Long Blades
  3872 | D:4      | Noticed a scorpion
  3880 | D:4      | Killed a scorpion
  3881 | D:4      | Reached skill level 1 in Armour
  3881 | D:4      | Reached XP level 5. HP: 18/47 MP: 2/4
  3987 | D:4      | HP: 2/47 [poisoned by an adder]
  3996 | D:4      | Killed from afar by an orc priest

Illustrated notes

Levels and vault maps discovered:
D:1:      dpeg_arrival_stonehenge_12_columns, layout_basic, serial_corexii_hall,
          corexii_hall_statues_s, corexii_hall_statues_l
D:2:      layout_basic, serial_shops, shop_fountains, basic_ecumenical_altar
D:3:      layout_basic, mainiacjoe_overflow_concentric_impassable, st_stairs_7
D:4:      layout_cave_pods, minmay_temple_entry_offerings,
          cheibrodos_sewer_entry_sluice, minmay_manual_mail

Skill      XL: |  1  2  3  4  5 |
---------------+----------------+-----
Long Blades    | 4 5 |  5.7
Fighting       | 4 |  4.7
Stealth        | 2 |  2.1
Armour         | 1 2 |  2.0
Dodging        | 4 |  4.0
Invocations    | |  0.3

Action                   |  1- 3 |  4- 6 || total
-------------------------+-------+-------++-------
Melee: Falchion          |    82 |    41 ||   123
       Headbutt          |    19 |     4 ||    23
Invok: Animate Remains   |     3 |       ||     3
       Injury Mirror     |       |     1 ||     1
  Use: Scroll            |       |     2 ||     2
       Potion            |       |     6 ||     6
 Stab: Sleeping          |     2 |       ||     2
       Invisible         |       |     2 ||     2
Armor: Robe              |    14 |       ||    14
       Chain mail        |    17 |    26 ||    43
       Skin              |       |    32 ||    32
Dodge: Dodged            |    58 |    30 ||    88
       Rpst.: Falchion   |    14 |    10 ||    24
